AoeStats
← yyang

Arabia

510416172Analyzed
1v1 RM · 1d ago on Sep 30, 2026· 30m 17s· 2 players
Game mode
Random Map
Map size
Tiny (2 player)
Population
200
Speed
Normal
Resources
Standard
Victory
Conquest
Starting age
Dark Age
Ending age
Imperial Age
RankedLock teamsTeams togetherTeam positionsShared explorationLock speedFull tech treeHidden civsTurbo modeCheats
Victory
Defeat
🇦🇷 Danes · Argentina
1474
+16
🇹🇼 Mongols · Taiwan
1469
-16
yyang
7:31 Loom
9:34 Feudal Age
10:29 Town Watch
10:37 Double-Bit Axe
10:52 Horse Collar
13:50 Fletching
20:49 Castle Age
19:42 Gold Mining
21:27 Bodkin Arrow
21:34 Padded Archer Armor
21:52 Bloodlines
21:53 Scale Barding Armor
22:05 Bow Saw
21:27 Crossbowman
22:26 Scale Barding Armor
23:37 Leather Archer Armor
23:34 Bloodlines
23:24 Husbandry
24:42 Wheelbarrow
25:02 Husbandry
25:22 Heavy Plow
25:49 Ballistics
27:09 Scale Barding Armor
27:38 Thumb Ring
28:54 Leather Archer Armor
Sakary
4:20 Loom
10:37 Feudal Age
10:39 Man-at-Arms
17:01 Fletching
23:00 Castle Age
21:31 Scale Mail Armor
21:58 Horse Collar
28:01 Gambesons
30:45 Squires
Connection lost

Rejoining the realm…

Still unreachable

The connection could not be restored.

Session expired

The server has moved on; the page needs a fresh start.